 Dungeon Crawl Stone Soup version 0.25-a0-58-g9dd530fc12 (webtiles) character file.

Game seed: 1954933059435819327, levelgen mode: deterministic

93 Ruokin the Grave Robber (level 4, -6/24 HPs)
             Began as a Deep Elf Necromancer on Oct 25, 2019.
             Was an Initiate of Makhleb.
             Killed from afar by Blork the orc (9 damage)
             ... with a puff of flame
             ... on level 3 of the Dungeon.
             The game lasted 00:09:25 (2408 turns).

Ruokin the Grave Robber (Deep Elf Necromancer)      Turns: 2408, Time: 00:09:27

Health: -6/24      AC:  2    Str:  5    XL:     4   Next: 36%
Magic:  7/12       EV: 13    Int: 21    God:    Makhleb [......]
Gold:   119        SH:  0    Dex: 15    Spells: 2/11 levels left

rFire    . . .     SeeInvis .   h - +0 whip
rCold    . . .     Gourm    .   (no shield)
rNeg     . . .     Faith    .   a - +0 robe
rPois    .         Spirit   .   (no helmet)
rElec    .         Reflect  .   (no cloak)
rCorr    .         Harm     .   (no gloves)
MR       .....                  (no boots)
Stlth    ++........             (no amulet)
HPRegen  0.08/turn              (no ring)
MPRegen  0.13/turn              (no ring)

@: no status effects
A: no striking features
a: Renounce Religion


You were on level 3 of the Dungeon.
You worshipped Makhleb.
Makhleb was noncommittal.
You were not hungry.

You visited 1 branch of the dungeon, and saw 3 of its levels.

You collected 119 gold pieces.

Inventory:

Hand Weapons
 h - a +0 whip (weapon)
Armour
 a - a +0 robe (worn)
Scrolls
 b - 2 scrolls of remove curse {unknown}
 e - a scroll of identify {unknown}
Potions
 d - a potion of mutation {unknown}
 f - a potion of curing {unknown}
 g - a potion of agility {unknown}
 j - 2 potions of haste {unknown}
Comestibles
 c - 5 rations


   Skills:
 + Level 2.5 Dodging
 + Level 2.6 Stealth
 + Level 4.1 Spellcasting
 + Level 6.4 Necromancy


You had 2 spell levels left.
You knew the following spells:

 Your Spells              Type           Power        Failure   Level  Hunger
a - Pain                  Necr           ####         1%          1    None
b - Animate Skeleton      Necr           N/A          1%          1    None
c - Vampiric Draining     Necr           ####......   2%          3    ###....
d - Animate Dead          Necr           N/A          9%          4    ####...

Your spell library contained the following spells:

 Spells                   Type           Power        Failure   Level  Hunger
 Regeneration             Chrm/Necr      ###.......   10%         3    ###....


Dungeon Overview and Level Annotations

Branches:
Dungeon (3/15)

Altars:
Elyvilon
Makhleb
Zin
The Shining One

Annotations:
D:3 Blork the orc


Message History

Aim: Blork the orc, wielding a +0 trident, wearing a +0 robe and carrying a wand of random effects (5) (heavily wounded, chance to defeat MR: 84%) Blork the orc writhes in agony.
Casting: Pain (safe; 1% risk of failure)
Confirm with . or Enter, or press ? or * to list all spells.
Aiming: Pain (safe; 1% risk of failure)
Press: ? - help, Shift-Dir - straight line, f/p - Blork the orc
Aim: Blork the orc, wielding a +0 trident, wearing a +0 robe and carrying a wand of random effects (5) (heavily wounded, chance to defeat MR: 84%) Blork the orc barely resists.
Casting: Pain (safe; 1% risk of failure)
Confirm with . or Enter, or press ? or * to list all spells.
Aiming: Pain (safe; 1% risk of failure)
Press: ? - help, Shift-Dir - straight line, f/p - Blork the orc
Aim: Blork the orc, wielding a +0 trident, wearing a +0 robe and carrying a wand of random effects (5) (heavily wounded, chance to defeat MR: 84%) Blork the orc writhes in agony.
Blork the orc points at you and mumbles some strange words.
The puff of flame hits you.
* * * LOW HITPOINT WARNING * * *
Blork the orc casts a spell at you. The puff of flame hits you!
You die...

#######....###.......<.###.......
.............')........+.......##
##############.........####....#
##...####.......## ##.#.#
.......###.....## ###.#
........###...## #.# ..≈≈≈....#
#+## #.## .≈≈≈≈≈...#### #..#
≈≈...≈≈...@.### ##.#
≈≈.>o§§.......######### #.#
≈≈...≈≈.....#.........# #.#
.≈≈≈≈≈...####.........# #.#
..≈≈≈....#.....#####..###.#
........##....(##.........#
.......##)............#####
##...###..........##.##
##.......####.#


You could see Blork the orc.

Vanquished Creatures
  Natasha (twice) (D:3)
  2 oozes
  A worm (D:2)
  A dart slug (D:2)
  An orc (D:3)
  2 giant cockroaches
  2 goblins (D:2)
  2 hobgoblins (D:2)
  3 kobolds
  3 bats
  2 frilled lizards
  7 rats
28 creatures vanquished.

Vanquished Creatures (collateral kills)
  A dart slug (D:2)
  A hobgoblin (D:2)
  A rat (D:2)
3 creatures vanquished.

Grand Total: 31 creatures vanquished

Notes
Turn   | Place    | Note
-------+----------+-------------------------------------------
     0 | D:1      | Ruokin the Deep Elf Necromancer began the quest for the
                  | Orb.
     0 | D:1      | Reached XP level 1. HP: 10/10 MP: 6/6
     2 | D:1      | Learned a level 1 spell: Animate Skeleton
   276 | D:1      | Reached skill level 5 in Necromancy
   416 | D:1      | Found a glowing golden altar of the Shining One.
   648 | D:1      | Reached XP level 2. HP: 15/15 MP: 6/8
  1189 | D:2      | Found a white marble altar of Elyvilon.
  1597 | D:2      | Reached XP level 3. HP: 17/19 MP: 9/9
  1683 | D:2      | Noticed an Executioner
  1684 | D:2      | Found a burning altar of Makhleb.
  1690 | D:2      | Found a glowing silver altar of Zin.
  1690 | D:2      | Noticed an angel
  1694 | D:2      | Became a worshipper of Makhleb the Destroyer
  2068 | D:3      | Learned a level 3 spell: Vampiric Draining
  2103 | D:3      | Noticed Natasha
  2119 | D:3      | Killed Natasha
  2119 | D:3      | Reached skill level 6 in Necromancy
  2120 | D:3      | Reached XP level 4. HP: 7/24 MP: 0/12
  2318 | D:3      | Noticed Natasha
  2322 | D:3      | Killed Natasha
  2380 | D:3      | Learned a level 4 spell: Animate Dead
  2395 | D:3      | Noticed Blork the orc
  2408 | D:3      | Killed from afar by Blork the orc

Levels and vault maps discovered:
D:1:      dpeg_arrival_chambers_temple_mockup, layout_basic, tso_metal_star
D:2:      layout_basic, marbit_many_paths,
          grunt_temple_overflow_order_and_chaos_2
D:3:      layout_loops_corners, lemuel_zombie_altar_kikubaaqudgha, tgw_sif,
          uniq_natasha

Skill      XL: |  1  2  3 |
---------------+----------+-----
Necromancy     | 5 6 |  6.4
Spellcasting   | 4 |  4.1
Dodging        | |  2.5
Stealth        | |  2.6

Action                   |  1- 3 |  4- 6 || total
-------------------------+-------+-------++-------
 Cast: Pain              |    47 |     9 ||    56
       Animate Skeleton  |     6 |       ||     6
       Vampiric Draining |     2 |     2 ||     4
  Eat: Chunk             |     2 |       ||     2
       Ration            |     1 |       ||     1
Dodge: Dodged            |     3 |       ||     3

Table legend:
 A = Non-vault XP
 B = Vault XP
 C = Vault XP percentage of total XP
 D = Non-vault monster count
 E = Vault monster count
 F = Vault count percentage of total count
                 A         B        C        D         E       F
            +---------+---------+-------+---------+---------+-------
      Total |      97 |      36 |  27.1 |      29 |       2 |   6.5
            +---------+---------+-------+---------+---------+-------
        D:1 |      14 |       0 |   0.0 |       6 |       0 |   0.0
        D:2 |      42 |       1 |   2.3 |      20 |       1 |   4.8
        D:3 |      41 |      35 |  46.1 |       3 |       1 |  25.0
            +---------+---------+-------+---------+---------+-------
